 Dungeon Crawl Stone Soup version 0.29.1-2-gbd0b4ee654 (webtiles) character file.

Game seed: 8402406533241255560

4009 McKennaii the Destroyer (level 9, -3/62 HPs)
             Began as a Demigod Conjurer on Nov 19, 2022.
             Slain by an orc knight
             ... wielding a +0 trident
              (13 damage)
             ... in a bailey.
             The game lasted 00:18:15 (10194 turns).

McKennaii the Destroyer (Demigod Conjurer)         Turns: 10194, Time: 00:18:15

Health: -3/62      AC: 11    Str: 14    XL:     9   Next: 73%
Magic:  17/21      EV: 12    Int: 32    God:
Gold:   456        SH:  0    Dex: 12    Spells: 9/19 levels left

rFire   + . .      SeeInvis .   D - +2 short sword (drain)
rCold   + . .      Faith    .   (no shield)
rNeg    . . .      Spirit   .   E - +3 ring mail
rPois   .          Reflect  .   o - +1 helmet of Wonder {Contam rC+ Regen+}
rElec   .          Harm     .   (no cloak)
rCorr   .          Rampage  .   (no gloves)
Will    .....                   i - +0 pair of boots
Stlth   ++........              (no amulet)
HPRegen 1.00/turn               f - ring of protection from fire
MPRegen 0.17/turn               v - +6 ring of strength

@: no status effects
A: high MP 1, forlorn, divine attributes
a: no special abilities


You were in a bailey.
You visited 1 branch of the dungeon, and saw 7 of its levels.
You also visited: Sewer and Bailey.

You collected 456 gold pieces.

Inventory:

Hand Weapons
 D - a +2 short sword of draining (weapon)
Armour
 i - a +0 pair of boots (worn)
 o - the +1 helmet of Wonder (worn) {Contam rC+ Regen+}
   (You took it off Robin on level 3 of the Dungeon)

   rC:        It protects you from cold.
   Contam:    It causes magical contamination when unequipped.
   Regen:     It increases your rate of health regeneration.
 C - +0 fire dragon scales
 E - a +3 ring mail (worn)
Jewellery
 f - a ring of protection from fire (left hand)
 v - a +6 ring of strength (right hand)
 x - a ring of fire
Wands
 n - a wand of flame (3)
Scrolls
 k - 7 scrolls of identify {unknown}
 p - 2 scrolls of enchant weapon {unknown}
 q - a scroll of noise {unknown}
 r - a scroll of summoning
 s - 2 scrolls of teleportation {unknown}
 u - 2 scrolls of magic mapping {unknown}
 w - 2 scrolls of poison {unknown}
 B - a scroll of vulnerability {unknown}
Potions
 a - 4 potions of invisibility {unknown}
 b - a potion of attraction {unknown}
 c - 2 potions of haste
 d - a potion of experience {unknown}
 e - 2 potions of ambrosia {unknown}
 g - a potion of berserk rage {unknown}
 h - 4 potions of might {unknown}
 j - 3 potions of brilliance {unknown}
 m - a potion of curing {unknown}
 t - 2 potions of degeneration {unknown}
 z - 3 potions of lignification {unknown}
 A - a potion of mutation {unknown}
 F - a potion of heal wounds {unknown}
 G - a potion of resistance {unknown}


   Skills:
 + Level 0.0 Armour
 + Level 6.4 Dodging
 - Level 4.0 Stealth
 + Level 5.9 Spellcasting
 * Level 9.6 Conjurations
 + Level 3.0 Summonings


You had 9 spell levels left.
You knew the following spells:

 Your Spells              Type           Power      Damage    Failure   Level
a - Magic Dart            Conj           100%       1d8       1%          1
b - Searing Ray           Conj           100%       2d8       1%          2
c - Iskenderun's Mystic   Conj/Tloc      40%        2d9       13%         4
d - Call Canine Familiar  Summ           29%        N/A       9%          3

Your spell library contained the following spells:

 Spells                   Type           Power      Damage    Failure   Level
 Summon Small Mammal      Summ           100%       N/A       2%          1
 Dazzling Flash           Conj/Hex       80%        N/A       4%          3
 Fulminant Prism          Conj/Hex       20%        3d13      13%         4
 Ensorcelled Hibernation  Hex/Ice        18%        N/A       14%         2
 Passwall                 Tmut/Erth      7%         N/A       14%         2
 Sublimation of Blood     Necr           9%         N/A       14%         2
 Summon Guardian Golem    Hex/Summ       19%        N/A       16%         3
 Swiftness                Air            9%         N/A       28%         3
 Irradiate                Conj/Tmut      20%        3d18      36%         5
 Animate Dead             Necr           9%         N/A       67%         4
 Olgreb's Toxic Radiance  Pois           9%         N/A       67%         4
 Petrify                  Tmut/Erth      9%         N/A       67%         4
 Borgnjor's Vile Clutch   Necr/Erth      4%         N/A       95%         5
 Death Channel            Necr           4%         N/A       100%        6
 Ozocubu's Refrigeration  Ice            4%         4d8       100%        7
 Ignition                 Fire           4%         3d4       100%        8


Dungeon Overview and Level Annotations

Branches:
Dungeon (7/15)             Temple (0/1) D:5           Sewer (visited)
 Bailey (1/1)

Shops:
D:5 !

Annotations:
D:4 exclusion: oklob plant


Innate Abilities, Weirdness & Mutations

You have an increased reservoir of magic. (+10% MP)
You shall have no god before yourself.
Your divine heritage dramatically boosts your attributes as you level up.


Message History

The orcs go into a battle-frenzy!
As you read the scroll labelled LISUUGG ESICE, it crumbles to dust.
You assume a fearsome visage.
The orc warrior looks frightened! x3
The orc knight looks frightened!
The orc warrior looks frightened!
The orc knight looks frightened!
The orc knight resists with some effort.
It was a scroll of fear.
The orc knight looks petrified.
The orc knight begs for mercy.
An orc warrior comes into view. It is wielding a +0 halberd.
There is a huge open gate here.
Found a scroll of summoning.
An orc warrior comes into view. It is wielding a +0 halberd.
Found a scroll of summoning.
The orc warrior shouts!
The orc knight begs for mercy.
Found a scroll of summoning.
The orc warrior hits you from afar with a +0 halberd!
What are your orders? t - Shout!
Orders for allies: a - Attack new target. r - Retreat! s - Stop attacking. g - Guard the area. f - Follow me.
Anything else - Cancel.
Okay, then.
As you read the scroll of fear, it crumbles to dust.
You assume a fearsome visage.
The orc warrior looks frightened! x2
The orc knight looks frightened!
Unknown command.
The orc knight seems to regain its courage.
The orc knight roars a battlecry!
The orc knight goes into a battle-frenzy!
Found a gate leading back out of this place.
The orc knight seems to regain its courage.
Cornered, the orc warrior turns to fight!
The orc knight hits you from afar with a +0 trident!!
Ouch! That really hurt!
* * * LOW HITPOINT WARNING * * *
The orc knight hits you from afar with a +0 trident!
You die...

############ #######
##o.........###.....##
#............'.......#
#...o@.......'....#..'
#∩...........'.......'
#o.?.?.o.....'....#..'
#.o..........'...o...#
##..o.......###....o##
############ #######


You could see 2 orc knights and 4 orc warriors.

Vanquished Creatures
  A gargoyle (D:7)
  A wraith (D:7)
  A water moccasin (D:5)
  4 orc warriors (Bailey)
  A black bear (D:6)
  A sky beast (D:6)
  Duvessa (D:4)
  3 ice beasts
  5 ogres
  A centaur (D:6)
  A phantom (D:7)
  2 bullfrogs (Sewer)
  A kobold brigand (D:7)
  A gnoll sergeant (D:7)
  3 scorpions
  3 wights (D:7)
  Dowan (D:4)
  5 jellies
  3 orc priests
  3 hounds
  6 iguanas
  3 orc wizards
  Robin (D:3)
  13 gnolls
  17 adders
  3 shadow imps
  2 white imps
  2 ufetubi
  3 worms
  The ghost of Acheron the Sneak, a weakling TrDe (D:5)
  6 dart slugs
  33 orcs
  3 bats
  9 endoplasms
  7 giant cockroaches
  49 goblins
  29 hobgoblins
  15 kobolds
  10 quokkas
  13 ball pythons
  4 frilled lizards
  8 rats
279 creatures vanquished.

Vanquished Creatures (collateral kills)
  Grinder (D:6)
1 creature vanquished.

Vanquished Creatures (others)
  A goblin (D:3)
  A plant (D:3)
  11 toadstools (D:4)
13 creatures vanquished.

Grand Total: 293 creatures vanquished

Notes
Turn   | Place    | Note
-------+----------+-------------------------------------------
     0 | D:1      | McKennaii the Demigod Conjurer began the quest for the Orb.
     0 | D:1      | Reached XP level 1. HP: 14/14 MP: 5/5
   536 | D:1      | Reached XP level 2. HP: 20/20 MP: 1/7
   976 | D:1      | Reached skill level 4 in Conjurations
  1206 | D:2      | Reached XP level 3. HP: 23/26 MP: 2/8
  1328 | D:2      | Learned a level 2 spell: Searing Ray
  1933 | D:3      | Noticed an ice beast
  2060 | D:3      | Identified the +1 helmet of Wonder {Contam rC+ Regen+}
  2060 | D:3      | Noticed Robin
  2138 | D:2      | Reached XP level 4. HP: 31/33 MP: 7/10
  2175 | D:2      | Learned a level 4 spell: Iskenderun's Mystic Blast
  2243 | D:3      | Killed Robin
  3004 | D:3      | Killed an ice beast
  3005 | D:3      | Reached XP level 5. HP: 28/38 MP: 1/11
  3503 | D:3      | You fall into a shaft and drop 1 floor!
  3517 | D:4      | Reached skill level 5 in Conjurations
  4112 | D:4      | Reached XP level 6. HP: 45/45 MP: 8/13
  4865 | D:4      | Noticed Duvessa
  4872 | D:4      | Noticed Dowan
  4877 | D:4      | Killed Duvessa
  4883 | D:4      | Killed Dowan
  4884 | D:4      | Reached XP level 7. HP: 47/50 MP: 1/15
  5185 | D:4      | Reached skill level 6 in Conjurations
  5563 | D:4      | Noticed an oklob plant
  5926 | D:5      | Entered Level 5 of the Dungeon
  5942 | D:5      | Found a transporter.
  5942 | D:5      | Noticed Acheron's ghost (weakling TrDe)
  6076 | D:5      | Found Cotaca's Distillery.
  6135 | D:5      | Found a staircase to the Ecumenical Temple.
  6141 | D:5      | Found a glowing drain.
  6181 | Sewer    | Entered a sewer
  7072 | D:5      | Reached skill level 7 in Conjurations
  7072 | D:5      | Reached XP level 8. HP: 29/57 MP: 9/17
  7702 | D:5      | Found a transporter.
  7712 | D:5      | Killed Acheron's ghost
  7915 | D:6      | Reached skill level 5 in Dodging
  8353 | D:6      | Reached skill level 8 in Conjurations
  8500 | D:6      | Noticed Grinder
  8508 | D:6      | Learned a level 3 spell: Call Canine Familiar
  8554 | D:6      | Killed Grinder
  8555 | D:6      | Reached skill level 5 in Spellcasting
  8926 | D:6      | Reached XP level 9. HP: 41/62 MP: 15/20
  8934 | D:6      | Reached skill level 1 in Summonings
  9393 | D:7      | Noticed a gargoyle
  9408 | D:7      | Killed a gargoyle
  9409 | D:7      | Reached skill level 9 in Conjurations
  9623 | D:7      | Found a flagged portal.
  9670 | Bailey   | Entered a bailey
 10059 | Bailey   | Noticed an orc knight
 10060 | Bailey   | Noticed an orc knight
 10181 | Bailey   | Noticed an orc knight
 10194 | Bailey   | Slain by an orc knight

Illustrated notes

Levels and vault maps discovered:
D:1:      mushboom_english_gardens, layout_rooms
D:2:      layout_rooms, dreamdust_ecumenical_altar_grove
D:3:      layout_basic, tso_oasis_becter, mainiacjoe_overflow_surrounded_room,
          xom_confusion_cloud, mainiacjoe_overflow_brackets, uniq_robin
D:4:      minmay_goblin_kobold_castle, layout_basic, tgw_fedhas, uniq_duvessa
D:5:      layout_loops_ring, minmay_temple_entry_enclosed_plants,
          gup_sewer_entry_glass, gammafunk_ghost_smash, serial_shops, shop
D:6:      nicolae_cairo_tiling_large_dashed, layout_rooms,
          grunt_temple_overflow_open, serial_curves, eino_curves_01,
          eino_curves_04, uniq_grinder
D:7:      hangedman_cross_stitches, layout_loops_corners,
          nicolae_overflow_hidden_temple, enter_bailey_3, minmay_manual_mail
Bailey:   bailey_polearm_5, bailey

Skill      XL: |  1  2  3  4  5  6  7  8  9 |
---------------+----------------------------+-----
Stealth        | 2 3 4 |  4.0
Dodging        | 2 3 4 5 6 |  6.4
Spellcasting   | 2 3 4 5 |  5.9
Conjurations   | 4 5 7 8 9 |  9.6
Summonings     | 3 |  3.0

Action                   |  1- 3 |  4- 6 |  7- 9 || total
-------------------------+-------+-------+-------++-------
Melee: Unarmed           |     6 |    13 |       ||    19
       Dagger            |       |    10 |     3 ||    13
       Short sword       |       |       |     1 ||     1
 Cast: Magic Dart        |    98 |   141 |   196 ||   435
       Searing Ray       |     2 |    18 |    58 ||    78
       Call Canine Famil |       |       |     4 ||     4
Evoke: Wand              |       |       |     2 ||     2
  Use: Scroll            |       |       |     3 ||     3
       Potion            |       |       |     1 ||     1
Armor: Robe              |     4 |    15 |     8 ||    27
       Ring mail         |       |       |     1 ||     1
Dodge: Dodged            |    28 |    60 |    62 ||   150
